cohdb
Replays
Latest Replays
All Replays
Popular Replays
Top Player Replays
Match Explorer
How It Works
Community
CoH3 Stats
Reddit
Sign in to upload your games and track your stats! →
Sign in with Steam
Match 42975588
Unlisted
Match 42975588
Overview
Messages
Build Orders
End
Construct Infanterie Kompanie
Kettenkrad Recon Vehicle
Grenadier Squad
Grenadier Squad
Sniper
Selects Breakthrough Battlegroup
Selects Assault Grenadiers
GrW 34 Mortar Team
Medical Station
Construct Luftwaffe Kompanie
221 Scout Car
Support Elements
Selects Breakthrough
Grenadier Squad
Selects 2.5-tonne Cargo Truck
Selects Blitzkrieg
Wirbelwind Flakpanzer
Wirbelwind Flakpanzer
Marder III M Tank Destroyer
Selects Panzer IV Command Tank Sd.Kfz. 161/1
Selects Panzer IV Command Tank Sd.Kfz. 161/1
Panzer IV Command Tank
CrazyTiger
~TAB~ THUND3RCHUNKY
0
0
Comments
sign in to comment!
No comments posted yet!